 Dungeon Crawl Stone Soup version 0.16.2-12-gd0ad4c3 (webtiles) character file.

109 Kloppie the Sneak (level 4, -12/36 HPs)
             Began as a Demigod Assassin on Oct 29, 2015.
             Killed by nerve-wracking pain
             ... invoked by an orc priest
              (14 damage)
             ... on level 3 of the Dungeon.
             The game lasted 00:05:41 (2989 turns).

Kloppie the Sneak (Demigod Assassin)                Turns: 2989, Time: 00:05:41

Health: -12/36     AC:  3    Str: 14    XL:     4   Next: 34%
Magic:  7/7        EV: 12    Int: 15    God:
Gold:   127        SH:  0    Dex: 19    Spells: 0 memorised, 3 levels left

rFire  . . .     SeeInvis .     a - +2 dagger
rCold  . . .     Clarity  .     c - +0 robe
rNeg   . . .     SustAb   +     (no shield)
rPois  .         Gourm    .     (no helmet)
rElec  .         Spirit   .     d - +0 cloak
rCorr  .         Warding  .     (no gloves)
rMut   .         Stasis   .     (no boots)
MR     .....                    (no amulet)
Stlth  +++.......               (no ring)
                                (no ring)

@: not resistant to hostile enchantments, fairly stealthy
A: sustain abilities
a: no special abilities


You were on level 3 of the Dungeon.
You were not hungry.

You visited 1 branch of the dungeon, and saw 3 of its levels.

You collected 127 gold pieces.

Inventory:

Hand weapons
 a - a +2 dagger (weapon)
 b - a +0 blowgun
 h - a +0 short sword
Missiles
 e - 6 poisoned needles
 f - 16 curare-tipped needles
Armour
 c - a +0 robe (worn)
 d - a +0 cloak (worn)
Jewellery
 t - an uncursed amulet of the gourmand {unknown}
 z - an uncursed ring of see invisible {unknown}
Magical devices
 u - a wand of slowing (15)
 y - a wand of flame (18)
Scrolls
 i - a scroll of remove curse {unknown}
 l - 2 scrolls of identify {unknown}
 m - a scroll of immolation {unknown}
 n - 3 scrolls of amnesia {unknown}
 r - 2 scrolls of enchant weapon {unknown}
 w - 2 scrolls of fear {unknown}
Potions
 j - a potion of invisibility {unknown}
 k - 2 potions of lignification {unknown}
 o - 2 potions of magic {unknown}
 p - a potion of resistance {unknown}
 q - 3 potions of might {unknown}
 s - a potion of heal wounds {unknown}
 x - a potion of agility {unknown}
 B - a potion of poison {unknown}
 C - a potion of curing {unknown}
Books
 v - a book of Power

   Spells                             Type                      Level
   a - Fulminant Prism                Conjuration/Hexes            4
   b - Iskenderun's Mystic Blast      Conjuration                  4
   c - Venom Bolt                     Conjuration/Poison           5
   d - Bolt of Magma                  Conjuration/Fire/Earth       5
   e - Iron Shot                      Conjuration/Earth            6
   f - Orb of Destruction             Conjuration                  7
   g - Spellforged Servitor           Conjuration/Summoning        7
Comestibles
 g - a bread ration
 A - a beef jerky


   Skills:
 - Level 1.7 Fighting
 + Level 3.2 Short Blades
 - Level 1.7 Throwing
 - Level 0.8 Dodging
 + Level 4.9 Stealth


You had 3 spell levels left.
You didn't know any spells.

Dungeon Overview and Level Annotations

Branches:
Dungeon (3/15)


Innate Abilities, Weirdness & Mutations

Your attributes are resistant to harm.


Message History

The orc misses you.
a - a +2 dagger (weapon)
The orc priest closely misses you. The orc priest barely misses you.
You barely miss the orc priest.
The orc priest is heavily wounded.
The orc closely misses you.
The orc priest looks braver.
You barely miss the orc priest.
The orc priest is heavily wounded.
The orc priest invokes the aid of Beogh against you.
Something smites you!
* * * LOW HITPOINT WARNING * * *
The orc priest hits you with a flail.
* * * LOW HITPOINT WARNING * * *
You hit the orc priest.
The orc priest is heavily wounded.
The orc misses you.
The orc priest mumbles some strange prayers to Beogh against you.
Pain shoots through your body!
You die...

...##...#.................#.###.#
#####....([########.......#.###.#
#......###### ####.####..##.. #
#...###.....(# #..# ##.###.
.....## ######)# #.## #.###.
...### #(# #.######.#... #..
#)#####.##...#.#... #.#
#.oo((............. #.#
#.@o(.....(####.### ..#
##........### #.# ..##
###.........# #.#
...#########...........# #.#
.#.>.........##........# #.#
#...###########........# ###
..#..# #........# .###.#####
#........# # #.....## ##........#


You could see 2 orc priests and an orc.

Vanquished Creatures
  An orc wizard (D:3)
  2 adders
  2 worms (D:2)
  4 giant geckos
  An orc (D:3)
  5 bats
  2 giant cockroaches
  2 hobgoblins
  An ooze (D:3)
  A quokka (D:2)
  4 giant newts
  2 goblins
  6 jackals
  10 kobolds
  3 rats
46 creatures vanquished.

Notes
Turn   | Place    | Note
--------------------------------------------------------------
     0 | D:1      | Kloppie, the Demigod Assassin, began the quest for the Orb.
     0 | D:1      | Reached XP level 1. HP: 17/17 MP: 2/2
   260 | D:1      | Found a sparkling altar of Nemelex Xobeh.
   990 | D:2      | Reached skill level 4 in Stealth
   990 | D:2      | Reached XP level 2. HP: 18/24 MP: 3/3
  1499 | D:2      | Reached XP level 3. HP: 27/29 MP: 5/5
  2838 | D:3      | Reached XP level 4. HP: 31/36 MP: 7/7
  2989 | D:3      | Killed from afar by an orc priest

Action                   |  1- 3 |  4- 6 || total
-------------------------+-------+-------++-------
Melee: Dagger            |   149 |     4 ||   153
       Short sword       |     6 |       ||     6
       Blowgun           |       |     2 ||     2
 Fire: Blowgun           |    20 |    11 ||    31
 Stab: Sleeping          |     9 |       ||     9
       Distracted        |     2 |       ||     2
  Eat: Chunk             |     4 |       ||     4
       Meat ration       |       |     1 ||     1
